 Dungeon Crawl Stone Soup version 0.28-a0-1506-g3893175d92 (webtiles) character file.

Game seed: 10142361330749191317

11 Lekart the Skirmisher (level 2, -3/27 HPs)
             Began as a Draconian Abyssal Knight on Jan 14, 2022.
             Was a Follower of Lugonu.
             Slain by a kobold (12 damage)
             ... on level 1 of the Dungeon.
             The game lasted 00:00:27 (308 turns).

Lekart the Skirmisher (Draconian Abyssal Knight)     Turns: 308, Time: 00:00:28

Health: -3/27      AC:  4    Str: 15    XL:     2   Next: 17%
Magic:  3/3        EV: 12    Int: 10    God:    Lugonu [*.....]
Gold:   0          SH:  0    Dex: 11    Spells: 1/1 levels left

rFire   . . .      SeeInvis .   a - +1 falchion
rCold   . . .      Faith    .   (no shield)
rNeg    . . .      Spirit   .   (armour unavailable)
rPois   .          Reflect  .   (helmet restricted)
rElec   .          Harm     .   (no cloak)
rCorr   .          Rampage  .   (no gloves)
Will    .....                   (no boots)
Stlth   +.........              (no amulet)
HPRegen 0.09/turn               (no ring)
MPRegen 0.08/turn               (no ring)

@: no status effects
A: AC +4, unfitting armour, cold-blooded
a: Renounce Religion, Depart the Abyss


You were on level 1 of the Dungeon.
You worshipped Lugonu.
Lugonu was aware of your devotion.
You visited 1 branch of the dungeon, and saw 1 of its levels.
You visited the Abyss 1 time.

Inventory:

Hand Weapons
 a - a +1 falchion (weapon)
Potions
 b - a potion of invisibility {unknown}
 c - a potion of curing {unknown}
 d - a potion of heal wounds {unknown}
 e - a potion of brilliance {unknown}


   Skills:
 + Level 3.7 Fighting
 + Level 2.1 Long Blades
 + Level 2.2 Dodging
 * Level 2.1 Invocations


You had one spell level left.
You didn't know any spells.
Your spell library was empty.

Dungeon Overview and Level Annotations

Branches:
Dungeon (1/15)

Altars:


Innate Abilities, Weirdness & Mutations

Your plain brown scales are hard. (AC +4)
You cannot fit into any form of body armour.
You are cold-blooded and may be slowed by cold attacks.


Message History

Lugonu accepts your kill.
No target in view!
You see here a rat corpse.
Found a ring mail.
Found a robe.
No target in view!
Found a whip.
No target in view!
A ball python comes into view.
The ball python hisses angrily.
The ball python moves out of view.
No target in view!
A ball python is nearby!
A ball python is nearby!
The ball python bites you but does no damage.
The ball python grabs you. The ball python constricts you.
A ball python is nearby!
A ball python is nearby!
You hit the ball python.
You kill the ball python!
Lugonu accepts your kill.
No target in view!
You open the door.
A kobold comes into view.
It is wielding a +1 short sword of electrocution.
Found a book of Minor Magic.
There is an open door here.
A kobold is nearby!
The kobold hits you with a +1 short sword of electrocution.
A kobold is nearby!
You closely miss the kobold. The kobold hits you but does no damage.
You are electrocuted!
You are too injured to fight recklessly!
You are too injured to fight recklessly!
A kobold is nearby!
You are too injured to fight recklessly!
You are too injured to fight recklessly!
You barely miss the kobold.
Your tail-slap misses the kobold.
The kobold hits you with a +1 short sword of electrocution.
You are electrocuted!
You die...

######+##
#........
#........
#........
#........
#########........
.....:K@'........
.########........
#..........
#..........
#.........#
#.........#
#.........#
#.........##
###........#


You could see a kobold.

Vanquished Creatures
  2 ball pythons (D:1)
  2 endoplasms (D:1)
  A hobgoblin (D:1)
  2 kobolds (D:1)
  A quokka (D:1)
  A frilled lizard (D:1)
  2 rats (D:1)
11 creatures vanquished.

Notes
Turn   | Place    | Note
-------+----------+-------------------------------------------
     0 | Abyss:1  | Lekart the Draconian Abyssal Knight began the quest for the
                  | Orb.
     0 | Abyss:1  | Reached XP level 1. HP: 19/19 MP: 2/2
    10 | D:1      | Escaped the Abyss
   212 | D:1      | Reached XP level 2. HP: 26/27 MP: 3/3
   308 | D:1      | Slain by a kobold

Illustrated notes

Levels and vault maps discovered:
D:1:      noname_arrival_rooms_in_the_neighbourhood, layout_basic,
          dreamdust_ecumenical_altar_hidden_monk_grotto

Action                   || total
-------------------------++-------
Melee: Falchion          ||    18
       Tailslap          ||     1
Armor: Skin              ||     3
Dodge: Dodged            ||     8

Table legend: (Time is in decaauts)
 A = Elapsed time spent in this place.
 B = Non-inter-level travel time spent in this place.
 C = Inter-level travel time spent in this place.
 D = Time resting spent in this place.
 E = Time spent auto-exploring this place.
 F = Levels seen in this place.
 G = Mean time per level.
                   A        B        C        D        E       F      G
               +--------+--------+--------+--------+--------+-----+--------+
         Total |    312 |    312 |      0 |      0 |    238 |   2 |  156.0 |
       Dungeon |    302 |    302 |      0 |      0 |    233 |   1 |  302.0 |
         Abyss |     10 |     10 |      0 |      0 |      5 |   1 |   10.0 |
               +--------+--------+--------+--------+--------+-----+--------+

Top non-repeatable levels by time:
     D:1: 302 daAuts
 Abyss:1: 10 daAuts
